Map: Sueño eterno EE

Players

Weeaboo

  • Race: Terran Terran
  • League: Silver
  • Spawn Location: 1:00

MrFercho - Winner!

  • Race: Zerg Zerg
  • League: Silver
  • Spawn Location: 7:00

VOD

Have the link to the VOD?

Description

Time

  • Played on: May 26, 2020, 9:34 a.m.
  • Length: 4:54
Show
View Real Time Build Order
Export as new Build Order

Weeaboo Terran 

Build Orders:  

Get SALT Encoding   

  12  0:04  SCV  
  13  0:18  Supply Depot  
  13  0:25  Refinery  
  13  0:27  SCV  
  14  0:49  Barracks  
  14  0:54  SCV  
  15  1:06  SCV  
  16  1:18  SCV  
  17  1:28  Refinery  
  17  1:31  SCV  
  18  1:38  Supply Depot  
  18  1:43  SCV  
  19  1:49  Barracks Tech Lab  
  19  1:51  Factory  
  20  2:08  Orbital Command  
  19  2:36  SCV  
  20  2:45  Starport  
  20  2:46  Factory Reactor  
  20  2:48  SCV  
  21  2:52  Marine  
  22  3:09  Marine  
  21  3:45  Hellion x2  
Show
View Real Time Build Order
Export as new Build Order

MrFercho Zerg - Winner!

Build Orders: Pool First 

Get SALT Encoding   

  12  0:02  Drone  
  13  0:14  Overlord  
  13  0:28  Drone  
  14  0:35  Extractor, Drone x2  
  15  0:42  Drone  
  17  0:50  Extractor, Drone  
  17  1:02  Drone  
  18  1:07  Spawning Pool  
  17  1:18  Drone  
  18  1:31  Hatchery  
  17  1:37  Extractor, Drone  
  17  1:38  Drone  
  18  1:44  Drone  
  19  1:55  Queen  
  19  1:59  Zergling x2  
  22  2:11  Metabolic Boost  
  22  2:15  Overlord  
  22  2:44  Drone  
  22  2:50  Zergling x6  
  26  3:02  Zergling x2  
  26  3:03  Zergling x2  
  26  3:46  Zergling x12  
  29  4:15  Zergling x2  
  29  4:16  Zergling x6  
Tags
 
Matchup
TvZ
Opening
Pool First
Replay Pack
MrFercho
Spawn Locations
Cross Positions
Add a new tag
Caveats
  • Supply blocks, unpowered buildings, or Contaminate may cause inaccurate times.
  • Supply counts are checked every 10 seconds.